Map: Inside and Out

Players

Silky - Winner!

  • Race: Zerg Zerg
  • Spawn Location: 7:00

Gerald

  • Race: Protoss Protoss
  • Spawn Location: 1:00

Event: DreamHack SC2 Masters 2022 Atlanta (Offline)

VOD

Have the link to the VOD?

Description

Time

  • Played on: Nov. 18, 2022, 3:14 p.m.
  • Length: 9:51

All games in this series

Show
View Real Time Build Order
Export as new Build Order

Silky Zerg - Winner!

Build Orders: Pool First 

Get SALT Encoding   

  12  0:16  Spawning Pool  
  11  0:21  Drone  
  11  0:26  Drone  
  13  0:31  Drone  
  14  0:41  Overlord  
  14  1:03  Zergling x4  
  16  1:04  Zergling x2  
  17  1:18  Zergling x2  
  18  1:29  Hatchery  
  18  1:31  Drone  
  18  1:36  Queen  
  19  1:43  Drone  
  20  1:51  Overlord  
  20  1:59  Drone  
  20  2:01  Extractor  
  20  2:13  Drone  
  20  2:19  Queen  
  21  2:24  Drone  
  21  2:30  Drone  
  21  2:41  Drone x2  
  21  2:42  Queen  
  25  2:50  Drone x2  
  27  2:53  Drone  
  28  3:00  Drone x2  
  28  3:05  Metabolic Boost  
  30  3:11  Overlord  
  30  3:14  Zergling x2  
  30  3:16  Zergling x2  
  30  3:19  Drone  
  33  3:22  Drone  
  33  3:23  Drone  
  35  3:29  Drone  
  36  3:40  Hatchery  
  35  3:42  Drone  
  36  3:49  Overlord  
  36  3:51  Drone x2  
  36  3:54  Overlord  
  38  3:58  Drone x2  
  38  4:01  Drone  
  41  4:08  Overlord  
  42  4:10  Drone x3  
  42  4:12  Zergling x2  
  45  4:19  Spore Crawler  
  45  4:21  Drone x3  
  47  4:25  Queen  
  47  4:29  Spore Crawler  
  48  4:31  Evolution Chamber  
  48  4:32  Drone  
  48  4:43  Drone x2  
  48  4:44  Drone x5  
  55  4:51  Overlord  
  54  4:53  Drone  
  54  4:58  Spore Crawler  
  54  4:59  Zerg Melee Weapons Level 1  
  54  5:00  Drone  
  54  5:01  Drone x2  
  54  5:05  Queen  
  59  5:07  Drone  
  59  5:12  Overlord  
  59  5:13  Drone x2  
  59  5:14  Drone  
  63  5:17  Baneling Nest  
  62  5:22  Zergling x8  
  62  5:23  Extractor  
  61  5:29  Drone x3  
  64  5:36  Drone x5  
  67  5:48  Drone x6  
  71  5:51  Drone x2  
  71  5:54  Drone  
  71  5:56  Drone  
  74  5:57  Lair  
  74  6:01  Drone  
  74  6:03  Extractor  
  75  6:04  Drone  
  75  6:05  Extractor  
  75  6:10  Hatchery  
  73  6:14  Zergling x4  
  73  6:15  Zergling x2  
  75  6:20  Zergling x4  
  75  6:24  Drone  
  78  6:25  Drone  
  78  6:26  Drone x2, Evolution Chamber  
  78  6:29  Extractor  
  78  6:32  Zergling x2, Drone  
  81  6:36  Overlord  
  81  6:39  Zergling x2  
  82  6:47  Overlord  
  82  6:52  Overlord  
  81  6:55  Hydralisk Den, Zerg Melee Weapons Level 2, Drone, Centrifugal Hooks  
  81  6:57  Zergling x16  
  89  7:06  Drone x4  
  88  7:12  Zergling x6  
  86  7:18  Zergling x10  
  90  7:26  Hydralisk x5  
  90  7:29  Muscular Augments  
  97  7:35  Hydralisk x3  
  99  7:41  Hydralisk x2  
  103  7:47  Hydralisk x2  
  103  7:48  Hydralisk  
  106  7:59  Hydralisk x3  
  108  8:08  Zergling x2  
  108  8:09  Zergling x4, Overlord x2  
  109  8:21  Hydralisk  
  111  8:32  Zergling x2  
  111  8:33  Zergling x22  
  119  8:43  Baneling x13  
  119  8:45  Baneling x2  
  119  8:52  Zergling x8  
  119  8:53  Zergling x2  
  123  9:06  Overlord  
  120  9:15  Zergling x2  
  120  9:16  Zergling x20  
  116  9:26  Zergling x2  
  116  9:27  Zergling x10  
  114  9:33  Zergling x12  
Show
View Real Time Build Order
Export as new Build Order

Gerald Protoss 

Build Orders: Oracle Opening 

Get SALT Encoding   

  12  0:00  Probe  
  13  0:12  Probe  
  14  0:19  Pylon  
  14  0:25  Probe (Chrono Boost)  
  15  0:37  Probe (Chrono Boost)  
  15  0:39  Gateway  
  16  0:46  Probe (Chrono Boost)  
  16  0:49  Assimilator  
  17  0:51  Probe  
  18  1:04  Probe  
  19  1:09  Forge  
  19  1:16  Probe  
  20  1:23  Assimilator  
  20  1:27  Zealot (Chrono Boost)  
  22  1:34  Probe  
  23  1:41  Cybernetics Core  
  23  1:55  Photon Cannon  
  23  2:02  Pylon  
  22  2:12  Gateway  
  22  2:18  Probe  
  21  2:37  Nexus  
  21  2:40  Probe  
  21  2:42  Warp Gate  
  22  2:58  Adept (Chrono Boost), Stargate  
  22  3:04  Probe  
  25  3:18  Probe  
  26  3:26  Stalker (Chrono Boost)  
  28  3:30  Probe  
  29  3:42  Probe, Pylon  
  29  3:46  Oracle (Chrono Boost)  
  30  3:51  Probe  
  30  3:55  Probe  
  35  3:56  Adept  
  37  4:03  Probe  
  37  4:07  Probe  
  38  4:15  Probe  
  39  4:19  Oracle (Chrono Boost), Probe  
  43  4:26  Twilight Council  
  43  4:27  Probe  
  43  4:31  Probe  
  45  4:39  Pylon  
  45  4:40  Probe  
  45  4:43  Probe  
  47  4:52  Probe  
  47  4:55  Probe  
  48  5:02  Resonating Glaives (Chrono Boost)  
  48  5:04  Probe  
  48  5:05  Nexus  
  49  5:07  Probe  
  50  5:15  Adept  
  50  5:16  Probe  
  50  5:19  Probe  
  54  5:22  Gateway  
  54  5:29  Gateway  
  54  5:31  Gateway  
  54  5:40  Probe  
  55  5:46  Probe  
  52  5:52  Probe  
  52  5:53  Adept  
  52  5:55  Oracle (Chrono Boost)  
  55  5:58  Probe, Pylon  
  55  6:03  Assimilator  
  60  6:04  Probe  
  60  6:05  Assimilator  
  60  6:06  Pylon  
  60  6:09  Shield Battery  
  60  6:10  Pylon  
  60  6:11  Probe  
  61  6:16  Probe  
  62  6:20  Adept  
  62  6:21  Adept  
  62  6:23  Probe  
  62  6:25  Adept  
  69  6:27  Probe  
  69  6:28  Adept, Probe  
  73  6:35  Probe  
  73  6:39  Probe  
  75  6:41  Adept x2  
  75  6:42  Probe  
  75  6:44  Protoss Ground Weapons Level 1 (Chrono Boost)  
  75  6:46  Pylon  
  80  6:49  Probe  
  80  6:51  Probe  
  82  7:03  Probe  
  83  7:10  Adept  
  83  7:11  Adept x3  
  83  7:15  Gateway, Probe  
  87  7:16  Gateway  
  87  7:18  Gateway, Probe  
  87  7:19  Probe  
  86  7:23  Assimilator  
  86  7:28  Probe  
  85  7:30  Probe  
  85  7:31  Probe  
  85  7:33  Adept x4  
  85  7:37  Gateway  
  89  7:40  Probe  
  90  7:44  Probe  
  91  7:53  Nexus  
  91  7:55  Probe  
  91  8:01  Stalker x3  
  89  8:06  Probe x2  
  89  8:10  Templar Archives, Probe  
  89  8:11  Robotics Facility, Pylon  
  92  8:13  Pylon  
  92  8:18  Probe  
  93  8:21  Stalker x3  
  93  8:22  Stalker  
  99  8:36  Sentry  
  99  8:37  Sentry, Stalker x2  
  107  8:45  Assimilator  
  107  8:46  Probe  
  107  8:47  Shield Battery  
  107  8:48  Shield Battery  
  109  9:02  Stalker x4  
  110  9:03  Stalker x2  
  115  9:13  Stalker x2  
  104  9:22  Probe  
  104  9:23  Shield Battery  
  99  9:29  Stalker x4  
  102  9:36  Adept x2  
  102  9:37  Probe  
  73  9:46  Stalker x2  
Tags
 
Add a new tag
Caveats
  • Supply blocks, unpowered buildings, or Contaminate may cause inaccurate times.
  • Supply counts are checked every 10 seconds.